 Dungeon Crawl Stone Soup version 0.28.0-62-gf88900778d (webtiles) character file.

Game seed: 9541286919431859642

205 cbfl8 the Chopper (level 5, -2/70 HPs)
             Began as a Minotaur Berserker on Nov 4, 2023.
             Was a Believer of Trog.
             Killed from afar by Sigmund (10 damage)
             ... with a puff of flame
             ... on level 4 of the Dungeon.
             The game lasted 00:02:29 (3411 turns).

cbfl8 the Chopper (Minotaur Berserker)              Turns: 3411, Time: 00:02:30

Health: -2/70      AC: 10    Str: 22    XL:     5   Next: 52%
Magic:  0/4        EV:  8    Int:  4    God:    Trog [**....]
Gold:   147        SH:  0    Dex: 11    Spells: 4/4 levels left

rFire   . . .      SeeInvis .   b - +0 war axe
rCold   + . .      Faith    .   (no shield)
rNeg    . . .      Spirit   +   a - +0 chain mail
rPois   .          Reflect  .   (helmet restricted)
rElec   .          Harm     .   (no cloak)
rCorr   .          Rampage  .   (no gloves)
Will    .....                   o - +0 pair of boots {Fly}
Stlth   ..........              j - amulet of guardian spirit
HPRegen 0.21/turn               i - ring of protection from cold
MPRegen 0.09/turn               (no ring)

@: berserking (expiring), lethally poisoned (-2 -> -17), flying, slowed
A: horns 2, retaliatory headbutt
a: Renounce Religion, Berserk, Trog's Hand


You were on level 4 of the Dungeon.
You worshipped Trog.
Trog was pleased with you.
You visited 1 branch of the dungeon, and saw 4 of its levels.

You collected 147 gold pieces.

Inventory:

Hand Weapons
 b - a +0 war axe (weapon)
Armour
 a - a +0 chain mail (worn)
 o - a +0 pair of boots of flying (worn)
Jewellery
 i - a ring of protection from cold (left hand)
 j - an amulet of guardian spirit (around neck)
Wands
 m - a wand of mindburst (11)
Scrolls
 f - a scroll of brand weapon {unknown}
 k - a scroll of immolation
 l - 2 scrolls of teleportation {unknown}
 n - a scroll of fear {unknown}
Potions
 c - a potion of degeneration {unknown}
 d - a potion of brilliance {unknown}
 e - a potion of curing
 g - a potion of heal wounds {unknown}


   Skills:
 + Level 4.8 Fighting
 + Level 5.6 Axes
 + Level 3.2 Armour
 - Level 2.1 Dodging
 * Level 2.0 Evocations


You had 4 spell levels left.
You didn't know any spells.
Your spell library was empty.

Dungeon Overview and Level Annotations

Branches:
Dungeon (4/15)
 Temple: D:4-7

Altars:

Annotations:
D:4 Sigmund


Innate Abilities, Weirdness & Mutations

You have a pair of horns on your head.
You reflexively headbutt those who attack you in melee.


Message History

You closely miss the crimson imp.
You feel sick. Something hits you but does no damage.
You are more poisoned.
The crimson imp hits you.
Unknown command.
You closely miss something. You punch something.
You closely miss the crimson imp. You barely miss Natasha.
You feel very sick. Natasha claws you but does no damage. Something hits you.
The crimson imp blinks!
Natasha howls an incantation.
You feel disoriented. Natasha casts a spell at you. The magic dart hits you.
You closely miss something. You closely miss Natasha.
You feel very sick. Something hits you but does no damage.
You are more poisoned.
Natasha closely misses you. You furiously retaliate!
You headbutt Natasha!
Unknown command.
You slash something! You hit Natasha.
You kill Natasha!
Trog accepts your kill.
Trog appreciates your killing of a magic user.
Natasha yowls pathetically as she dies!
The crimson imp disappears in a puff of smoke!
You feel very sick. Something hits you!
You are lethally poisoned!
You closely miss something.
* * * LOW HITPOINT WARNING * * *
You feel extremely sick.
Unknown command.
You miss something.
* * * LOW HITPOINT WARNING * * *
You feel very sick.
You hear some strange, mumbled words.
A puff of flame appears from out of thin air!
The puff of flame hits you!
You die...

#........
##........ #
......... #.
......... .####.
#........
......###........
#................
+.......†........
#......<@{.......
#<...............
##.....##........
#####+ #........
.........
.........
#..##.... #..#
....


There were no monsters in sight!

Vanquished Creatures
  Jessica (D:3)
  Natasha (D:4)
  Ijyb (D:3)
  Robin (D:3)
  4 gnolls (D:3)
  An adder (D:2)
  2 worms (D:3)
  A dart slug (D:2)
  6 orcs (D:3)
  5 endoplasms
  A giant cockroach (D:2)
  15 goblins
  7 hobgoblins
  4 ball pythons
  4 bats
  A frilled lizard (D:1)
  3 rats
58 creatures vanquished.

Notes
Turn   | Place    | Note
-------+----------+-------------------------------------------
     0 | D:1      | cbfl8 the Minotaur Berserker began the quest for the Orb.
     0 | D:1      | Reached XP level 1. HP: 19/19 MP: 0/0
     2 | D:1      | Noticed a draconian
     2 | D:1      | Noticed an octopode
     4 | D:1      | Noticed a tengu
     6 | D:1      | Noticed a demigod
     8 | D:1      | Noticed a demonspawn
     8 | D:1      | Noticed a dwarf
    10 | D:1      | Noticed an ogre
    12 | D:1      | Noticed a human
    14 | D:1      | Noticed a formicid
    16 | D:1      | Noticed a felid
    16 | D:1      | Noticed a troll
    18 | D:1      | Noticed a ghoul
    18 | D:1      | Noticed a merfolk
    20 | D:1      | Noticed a naga
    20 | D:1      | Noticed a vine stalker
    22 | D:1      | Noticed a gargoyle
    22 | D:1      | Noticed an elf
    24 | D:1      | Noticed a vampire
    24 | D:1      | Noticed a minotaur
    26 | D:1      | Noticed a spriggan
   243 | D:1      | Found a faded altar of an unknown god.
   799 | D:2      | Reached XP level 2. HP: 24/27 MP: 1/1
  1000 | D:2      | Reached skill level 4 in Axes
  1263 | D:2      | Reached XP level 3. HP: 33/33 MP: 2/2
  1525 | D:3      | Noticed Robin
  1530 | D:3      | Reached skill level 1 in Evocations
  1535 | D:3      | Killed Robin
  2120 | D:3      | Noticed Jessica
  2124 | D:3      | Killed Jessica
  2125 | D:3      | Reached XP level 4. HP: 33/41 MP: 1/3
  2200 | D:3      | Noticed Ijyb
  2208 | D:3      | Killed Ijyb
  2209 | D:3      | Reached skill level 5 in Axes
  2979 | D:3      | Reached XP level 5. HP: 47/47 MP: 4/4
  2984 | D:3      | Reached ** piety under Trog
  3329 | D:4      | Noticed Natasha
  3332 | D:4      | Noticed Sigmund
  3409 | D:4      | Killed Natasha
  3411 | D:4      | Killed from afar by Sigmund

Illustrated notes

Levels and vault maps discovered:
D:1:      kb_arrival_jail, layout_basic, ebering_ecumenical_altar_petrified
D:2:      layout_loops_ring
D:3:      layout_loops_corners, uniq_ijyb, uniq_robin, uniq_jessica
D:4:      layout_gridville, old_standard_altar, jmf_multi_god_temple2,
          uniq_duvessa, uniq_menkaure, uniq_natasha, uniq_sigmund

Skill      XL: |  1  2  3  4  5 |
---------------+----------------+-----
Axes           | 4 5 |  5.6
Fighting       | 4 |  4.8
Evocations     | 1 2 |  2.0
Armour         | 3 |  3.2
Dodging        | |  2.1

Action                   |  1- 3 |  4- 6 || total
-------------------------+-------+-------++-------
Melee: Hand axe          |    55 |    27 ||    82
       Headbutt          |     9 |    12 ||    21
       Punch             |     1 |     1 ||     2
       War axe           |       |    31 ||    31
Invok: Berserk           |     1 |     3 ||     4
  Use: Scroll            |     3 |     1 ||     4
 Stab: Sleeping          |     2 |       ||     2
Armor: Animal skin       |    17 |       ||    17
       Chain mail        |       |    20 ||    20
       Ring mail         |       |     3 ||     3
Dodge: Dodged            |    26 |    21 ||    47
